 Dungeon Crawl Stone Soup version 0.23-a0-183-gf37f6fb (webtiles) character file.

4950 Amnesiac the Dealer of Despair (level 10, -2/72 HPs)
             Began as a Mummy Monk on Sept 21, 2018.
             Was an Elder of Kikubaaqudgha.
             Slain by a hog (11 damage)
             ... on level 7 of the Dungeon.
             The game lasted 00:20:12 (9703 turns).

Amnesiac the Dealer of Despair (Mummy Monk)         Turns: 9703, Time: 00:20:12

Health: -2/72      AC:  6    Str: 19    XL:     10   Next: 28%
Magic:  16/23      EV: 15    Int: 12    God:    Kikubaaqudgha [****..]
Gold:   510        SH:  7    Dex: 18    Spells: 8/27 levels left

rFire    x . .     SeeInvis .   z - +1 dagger (venom)
rCold    + . .     Gourm    .   r - +2 buckler
rNeg     + + +     Faith    .   x - +0 robe {MR+}
rPois    ∞         Spirit   .   l - +0 helmet
rElec    .         Reflect  .   i - scarf {repulsion}
rCorr    .         Harm     .   A - +1 pair of gloves
MR       ++...                  g - +0 pair of boots
Stlth    ++........             (no amulet)
HPRegen  0.22/turn              s - +4 ring of strength
MPRegen  0.18/turn              j - +3 ring of dexterity

@: repel missiles
A: no food or potions, fire vulnerability, cold resistance 1, negative energy
resistance 3, torment resistance, unbreathing
a: Receive Corpses, Renounce Religion


You were on level 7 of the Dungeon.
You worshipped Kikubaaqudgha.
Kikubaaqudgha was greatly pleased with you.
You were not hungry.

You visited 1 branch of the dungeon, and saw 7 of its levels.

You collected 955 gold pieces.
You spent 445 gold pieces at shops.

Inventory:

Hand Weapons
 a - a +1 whip of electrocution
 b - a +0 blowgun
 m - a +0 short sword of flaming
 z - a +1 dagger of venom (weapon)
Missiles
 e - 57 poisoned needles
 o - 3 needles of paralysis
 w - 3 curare-tipped needles
Armour
 g - a +0 pair of boots (worn)
 i - a scarf of repulsion (worn)
 l - a +0 helmet (worn)
 r - a +2 buckler (worn)
 x - a +0 robe of magic resistance (worn)
 A - a +1 pair of gloves (worn)
Jewellery
 j - a +3 ring of dexterity (right hand)
 s - a +4 ring of strength (left hand)
Scrolls
 c - 3 scrolls of fear {!r}
 d - 3 scrolls of teleportation {!r}
 f - a scroll of noise {!r, unknown}
 h - a scroll of magic mapping {!r}
 k - a scroll of enchant armour {!r, unknown}
 n - a scroll of identify {!r}
 p - a scroll of enchant weapon {!r, unknown}
 q - 2 scrolls of fog {!r, unknown}
 t - 2 scrolls of silence {!r}
 u - a scroll of amnesia {!r, unknown}
 v - a scroll of holy word {!r}
 y - a scroll of random uselessness {!r, unknown}


   Skills:
 - Level 4.3 Fighting
 - Level 2.4 Short Blades
 - Level 4.5 Dodging
 - Level 1.5 Stealth
 - Level 4.0 Shields
 + Level 9.0 Spellcasting
 * Level 10.7 Necromancy


You had 8 spell levels left.
You knew the following spells:

 Your Spells              Type           Power        Failure   Level  Hunger
a - Bolt of Draining      Conj/Necr      ###.......   38%         5    N/A
b - Animate Dead          Necr           N/A          1%          4    N/A
d - Vampiric Draining     Necr           ####......   1%          3    N/A
e - Dispel Undead         Necr           ####....     4%          5    N/A
s - Corpse Rot            Necr           N/A          1%          2    N/A

Your spell library contained the following spells:

 Spells                   Type           Power        Failure   Level  Hunger
 Animate Skeleton         Necr           N/A          1%          1    N/A
 Pain                     Necr           ####         1%          1    N/A
 Agony                    Necr           ####....     4%          5    N/A
 Sticks to Snakes         Tmut           #.......     21%         2    N/A
 Borgnjor's Vile Clutch   Necr/Erth      ###.......   38%         5    N/A
 Beastly Appendage        Tmut           Unusable     N/A         1    N/A
 Spider Form              Tmut/Pois      Unusable     N/A         3    N/A
 Ice Form                 Ice/Tmut       Unusable     N/A         4    N/A
 Blade Hands              Tmut           Unusable     N/A         5    N/A

Dungeon Overview and Level Annotations

Branches:
Dungeon (7/15)             Temple (0/1) D:5

Altars:
Fedhas
Kikubaaqudgha
Qazlal
Trog
Xom
Zin

Shops:
D:6 *

Annotations:
D:7 1 runed door, exclusion: wizard


Innate Abilities, Weirdness & Mutations

You do not eat or drink.
Your flesh is vulnerable to fire.
You are immune to poison.
Your flesh is cold resistant. (rC+)
You are immune to negative energy. (rN+++)
You are immune to unholy pain and torment.
You can survive without breathing.


Message History

The hog is engulfed in dark miasma.
The hog looks as sick as possible!
You block the hog's attack. Kikubaaqudgha delivers you corpses!
The hog bites you.
The hog is engulfed in dark miasma.
The hog looks as sick as possible!
The hog barely misses you. You block the hog's attack.
The hog looks more healthy.
You kill the hog!
Kikubaaqudgha accepts your kill. You block the hog's attack.
The human closely misses you. The hog bites you.
Things that are here:
a dart slug corpse; a kobold skeleton You see here a hippogriff skeleton.
Casting: Corpse Rot (safe; 1% risk of failure)
Confirm with . or Enter, or press ? or * to list all spells.
Okay, then.
You hit the human but do no damage. The human barely misses you.
You closely miss the human. You block the human's attack.
You closely miss the human. You hit the human but do no damage.
The human is poisoned.
The human closely misses you.
You hit the human but do no damage.
The human looks as sick as possible!
The human hits you with a hand axe.
You closely miss the human. The hog bites you! You block the human's attack.
You hit the human.
The human looks as sick as possible!
The human is lightly wounded.
You block the hog's attack. The hog barely misses you.
You block the hog's attack. The hog bites you but does no damage.
You barely miss the human.
The human is lightly wounded.
The human hits you with a hand axe. The hog bites you! The hog bites you.
* * * LOW HITPOINT WARNING * * *
You hit the human.
The human looks as sick as possible!
The human is moderately wounded.
The human barely misses you. The hog closely misses you.
You block the hog's attack.
You hit the human but do no damage.
The human looks as sick as possible!
The human is moderately wounded.
The hog bites you but does no damage. You block the hog's attack.
The human hits you with a hand axe!
* * * LOW HITPOINT WARNING * * *
Casting: Corpse Rot (safe; 1% risk of failure)
Confirm with . or Enter, or press ? or * to list all spells.
You sense decay.
You block the hog's attack. The hog bites you!
* * * LOW HITPOINT WARNING * * *
The hog is engulfed in dark miasma.
The hog is poisoned.
You block the hog's attack. The human closely misses you.
The hog is engulfed in dark miasma.
The hog looks even sicker.
The hog bites you.
* * * LOW HITPOINT WARNING * * *
The human hits you with a hand axe!
* * * LOW HITPOINT WARNING * * *
The hog barely misses you.
Things that are here:
an adder skeleton; an iguana skeleton The hog is engulfed in dark miasma.
The hog looks even sicker.
The hog seems to slow down.
The hog barely misses you.
You see here a cyclops skeleton.
You hit the hog.
The hog is almost dead.
The hog is engulfed in dark miasma.
The hog looks as sick as possible!
The hog bites you!
You die...
Kikubaaqudgha rasps: "You have failed me!
Welcome... oblivion!"

#..(.........#..............
######............###..####....##
.....####+#.........#..####....##
.....#....#.........#...........#
.....#....#.........#...........#
.....#....#........<#...........#
.....#....#....p....#...........#
.....#....#..÷hh....'...........#
.....#(...#...h§@...####'########
.....####'##..#####..............
.....##...##......#..............
.....'..#####'#...#..............
(....#..#..#..#..(#..............
.....#..#..#..#...#..............
#######.#..'..#...#..............
<..####.#..#.%#...###############
...#....#..#(%#.....#


You could see 3 hogs and a human.

Vanquished Creatures
  A centaur warrior (D:6)
  An orc knight (D:6)
  Sigmund (D:6)
  A wyvern (D:6)
  A hog (D:7)
  A water moccasin (D:7)
  2 sky beasts (D:6)
  A phantom (D:7)
  An ice beast (D:2)
  A black bear (D:6)
  An orc warrior (D:6)
  An ogre (D:6)
  A centaur (D:7)
  A big kobold (D:7)
  3 bullfrogs
  A wyvern zombie (D:6)
  3 scorpions
  5 wights (D:6)
  2 howler monkeys
  6 crimson imps
  A bullfrog zombie (D:5)
  2 centaur skeletons (D:5)
  A gnoll shaman (D:3)
  3 hounds
  A jelly (D:5)
  2 orc priests
  4 iguanas
  9 orc wizards
  3 worker ants (D:4)
  2 hound zombies
  A hound skeleton (D:4)
  A howler monkey zombie (D:4)
  A worker ant zombie (D:6)
  3 gnolls
  4 adders
  A shadow imp (D:5)
  An ooze (D:3)
  An adder skeleton (D:6)
  3 adder zombies
  3 worms
  2 dart slugs (D:1)
  4 leopard geckos
  25 orcs
  2 ball pythons
  A bat zombie (D:4)
  4 giant cockroaches
  13 goblins
  17 hobgoblins
  14 jackals
  16 kobolds
  5 quokkas
  9 bats
  7 frilled lizards
  A leopard gecko zombie (D:4)
  A quokka skeleton (D:6)
  A quokka zombie (D:4)
  7 rats
  A rat zombie (D:4)
212 creatures vanquished.

Vanquished Creatures (collateral kills)
  A two-headed ogre (D:6)
1 creature vanquished.

Vanquished Creatures (others)
  2 ogres (D:7)
  A centaur (D:7)
  A big kobold (D:7)
  An iguana (D:7)
  A worker ant (D:7)
  2 kobolds (D:7)
8 creatures vanquished.

Grand Total: 221 creatures vanquished

Notes
Turn   | Place    | Note
-------+----------+-------------------------------------------
     0 | D:1      | Amnesiac the Mummy Monk began the quest for the Orb.
     0 | D:1      | Reached XP level 1. HP: 18/18 MP: 1/1
   390 | D:1      | Reached XP level 2. HP: 20/24 MP: 2/2
   770 | D:2      | Found a glowing silver altar of Zin.
   880 | D:3      | Found a blossoming altar of Fedhas.
   913 | D:3      | Reached XP level 3. HP: 29/29 MP: 3/3
  1178 | D:4      | Reached XP level 4. HP: 3/37 MP: 4/4
  1622 | D:4      | Reached XP level 5. HP: 22/42 MP: 5/5
  1811 | D:4      | Noticed an ice beast
  3041 | D:4      | Found a stormy altar of Qazlal.
  3080 | D:4      | Found an ancient bone altar of Kikubaaqudgha.
  3088 | D:4      | Became a worshipper of Kikubaaqudgha
  3088 | D:4      | Reached * piety under Kikubaaqudgha
  3088 | D:4      | Identified Kikubaaqudgha's Incunabulum of Dark Arts
                  | (Kikubaaqudgha gifted it to you on level 4 of the Dungeon)
  3088 | D:4      | Received a gift from Kikubaaqudgha
  3088 | D:4      | Reached ** piety under Kikubaaqudgha
  3317 | D:1      | Reached skill level 1 in Spellcasting
  3425 | D:1      | Learned a level 3 spell: Vampiric Draining
  3428 | D:1      | Learned a level 2 spell: Corpse Rot
  4053 | D:2      | Reached skill level 1 in Necromancy
  5105 | D:4      | Reached XP level 6. HP: 44/48 MP: 7/7
  5222 | D:4      | Reached skill level 2 in Necromancy
  5392 | D:3      | Reached *** piety under Kikubaaqudgha
  5392 | D:3      | Identified Kikubaaqudgha's Almanac of Stolen Souls
                  | (Kikubaaqudgha gifted it to you on level 3 of the Dungeon)
  5392 | D:3      | Received a gift from Kikubaaqudgha
  5543 | D:2      | Killed an ice beast
  5543 | D:2      | Reached skill level 3 in Necromancy
  5753 | D:4      | Reached XP level 7. HP: 44/54 MP: 11/11
  5842 | D:5      | Entered Level 5 of the Dungeon
  5862 | D:4      | Reached skill level 4 in Necromancy
  6011 | D:5      | Reached skill level 5 in Necromancy
  6058 | D:5      | Learned a level 5 spell: Bolt of Draining
  6569 | D:5      | Found a staircase to the Ecumenical Temple.
  6680 | D:6      | Reached XP level 8. HP: 60/60 MP: 14/14
  6694 | D:6      | Reached skill level 1 in Shields
  6771 | D:6      | Found Usyitapn's Assorted Antiques.
  6796 | D:6      | Bought a scroll labeled ATESAFR RIXET for 33 gold pieces
  6796 | D:6      | Bought 3 scrolls labeled SOOMUYPSOET for 99 gold pieces
  6796 | D:6      | Bought a scroll labeled DUECSE PIPI for 33 gold pieces
  6796 | D:6      | Bought a scroll labeled EKUFUPN GOHY for 33 gold pieces
  6981 | D:6      | Reached **** piety under Kikubaaqudgha
  7476 | D:6      | Noticed Sigmund
  7506 | D:7      | Reached skill level 6 in Necromancy
  7564 | D:7      | Reached skill level 5 in Spellcasting
  7868 | D:6      | Reached skill level 7 in Necromancy
  8170 | D:7      | Found a shimmering altar of Xom.
  8188 | D:7      | Found a bloodstained altar of Trog.
  8191 | D:7      | Noticed a wizard
  8235 | D:7      | Reached XP level 9. HP: 56/65 MP: 16/18
  8292 | D:7      | Learned a level 4 spell: Animate Dead
  8298 | D:7      | Learned a level 5 spell: Dispel Undead
  8409 | D:7      | Found a runed door.
  8599 | D:6      | Reached skill level 8 in Necromancy
  8673 | D:6      | Killed Sigmund
  8832 | D:6      | Noticed an orc knight
  8832 | D:6      | Noticed a two-headed ogre
  8889 | D:6      | Noticed a centaur warrior
  8913 | D:6      | Killed a centaur warrior
  8913 | D:6      | Reached skill level 9 in Necromancy
  9112 | D:6      | Killed an orc knight
  9136 | D:6      | Killed a two-headed ogre
  9136 | D:6      | Reached skill level 10 in Necromancy
  9136 | D:6      | Reached XP level 10. HP: 66/72 MP: 2/22
  9534 | D:6      | Bought a pair of glowing gloves for 247 gold pieces
  9703 | D:7      | Slain by a hog

Vault maps used:
D:1:      shiori_arrival_maze, minivault_19
D:2:      lemuel_crystal_altar, hangedman_decor_clover_reticule,
          small_statue_intersection
D:3:      lemuel_crystal_altar
D:4:      cheibrodos_greedy_goblins, nicolae_qazlal_eye_of_the_storm,
          lemuel_zombie_altar_kikubaaqudgha, serial_undead, serial_undead_a,
          serial_undead_f, serial_undead_a, serial_undead_e, serial_undead_b,
          serial_undead_d
D:5:      lemuel_temple_firewalk_b, first_ration
D:6:      minmay_klotski, serial_shops, shop_coins, minmay_misc_feat_room,
          uniq_sigmund
D:7:      xom_confusion_cloud, minivault_5, grunt_livestock, trog_wizard,
          uniq_crazy_yiuf_cottage

Skill      XL: |  1  2  3  4  5  6  7  8  9 10 |
---------------+-------------------------------+-----
Dodging        | 3 4 |  4.5
Fighting       | 4 |  4.3
Spellcasting   | 1 3 4 6 8 9 |  9.0
Necromancy     | 1 3 5 7 10 | 10.7
Shields        | 4 |  4.0
Short Blades   | |  2.4
Stealth        | |  1.5

Action                   |  1- 3 |  4- 6 |  7- 9 | 10-12 || total
-------------------------+-------+-------+-------+-------++-------
Melee: Short sword       |   175 |   489 |       |       ||   664
       Whip              |       |    60 |   367 |       ||   427
       Dagger            |       |       |    23 |    55 ||    78
 Fire: Blowgun           |       |       |    16 |       ||    16
 Cast: Vampiric Draining |       |       |    15 |       ||    15
       Corpse Rot        |       |       |     3 |     5 ||     8
       Animate Dead      |       |       |     1 |       ||     1
       Dispel Undead     |       |       |       |     2 ||     2
Invok: Receive Corpses   |       |       |     1 |     3 ||     4
  Use: Scroll            |       |       |     7 |       ||     7
 Stab: Sleeping          |     1 |       |       |       ||     1
       Confused          |       |       |     1 |       ||     1
Armor: Chain mail        |   100 |    33 |       |       ||   133
       Robe              |    16 |       |    28 |     4 ||    48
       Plate armour      |       |   336 |    92 |       ||   428
       Scale mail        |       |       |    34 |       ||    34
Dodge: Dodged            |   118 |   157 |   219 |    29 ||   523
       Deflected         |       |       |     5 |       ||     5
Block: Buckler           |       |       |   120 |    23 ||   143

Table legend:
 A = Non-vault XP
 B = Vault XP
 C = Vault XP percentage of total XP
 D = Non-vault monster count
 E = Vault monster count
 F = Vault count percentage of total count
                 A         B        C        D         E       F
            +---------+---------+-------+---------+---------+-------
      Total |    3280 |    3792 |  53.6 |     169 |      46 |  21.4
            +---------+---------+-------+---------+---------+-------
        D:1 |      41 |       4 |   8.9 |      20 |       2 |   9.1
        D:2 |     174 |       0 |   0.0 |      25 |       0 |   0.0
        D:3 |     201 |       0 |   0.0 |      38 |       0 |   0.0
        D:4 |     329 |      91 |  21.7 |      15 |      20 |  57.1
        D:5 |     619 |       0 |   0.0 |      24 |       0 |   0.0
        D:6 |     904 |    3367 |  78.8 |      23 |      19 |  45.2
        D:7 |    1012 |     330 |  24.6 |      24 |       5 |  17.2
            +---------+---------+-------+---------+---------+-------
